 Dungeon Crawl Stone Soup version 0.28.0-53-g5a82cb258f (webtiles) character file.

Game seed: 16026290098300931520

63 bnorton916 the Magician (level 3, -8/19 HPs)
             Began as a Deep Elf Fire Elementalist on June 9, 2022.
             Mangled by Ijyb
             ... wielding a +0 mace
              (9 damage)
             ... on level 2 of the Dungeon.
             The game lasted 00:02:02 (2825 turns).

bnorton916 the Magician (DEFE)                      Turns: 2825, Time: 00:02:03

Health: -8/19      AC:  2    Str:  5    XL:     3   Next: 89%
Magic:  0/10       EV: 12    Int: 21    God:
Gold:   35         SH:  0    Dex: 15    Spells: 6/10 levels left

rFire   . . .      SeeInvis .   (no weapon)
rCold   . . .      Faith    .   (no shield)
rNeg    . . .      Spirit   .   a - +0 robe
rPois   .          Reflect  .   (no helmet)
rElec   .          Harm     .   (no cloak)
rCorr   .          Rampage  .   (no gloves)
Will    .....                   (no boots)
Stlth   ++........              (no amulet)
HPRegen 0.06/turn               (no ring)
MPRegen 0.12/turn               (no ring)

@: no status effects
A: no striking features
a: no special abilities


You were on level 2 of the Dungeon.
You visited 1 branch of the dungeon, and saw 2 of its levels.

You collected 35 gold pieces.

Inventory:

Missiles
 d - 35 stones
Armour
 a - a +0 robe (worn)
Scrolls
 c - 2 scrolls of teleportation {unknown}
 f - a scroll of magic mapping {unknown}
 g - a scroll of identify {unknown}
Potions
 b - a potion of attraction {unknown}
 e - a potion of might {unknown}


   Skills:
 - Level 2.4 Dodging
 - Level 2.4 Stealth
 + Level 4.1 Spellcasting
 + Level 2.5 Conjurations
 + Level 4.1 Fire Magic


You had 6 spell levels left.
You knew the following spells:

 Your Spells              Type           Power      Damage    Failure   Level
a - Foxfire               Conj/Fire      72%        2x1d7     3%          1
b - Scorch                Fire           42%        2d7       3%          2
c - Sandblast             Erth           8%         2d5       12%         1

Your spell library contained the following spells:

 Spells                   Type           Power      Damage    Failure   Level
 Conjure Flame            Conj/Fire      18%        6-21      9%          3
 Inner Flame              Hex/Fire       12%        N/A       16%         3
 Passwall                 Tmut/Erth      3%         N/A       19%         2
 Stone Arrow              Conj/Erth      18%        3d8       22%         3
 Flame Wave               Conj/Fire      18%        2d6       30%         4
 Tukima's Dance           Hex            4%         N/A       34%         3
 Passage of Golubria      Tloc           4%         N/A       75%         4
 Yara's Violent Unravell  Hex/Tmut       2%         3d3       97%         5
 Chain Lightning          Conj/Air       4%         3d6       100%        9
 Fire Storm               Conj/Fire      9%         8d2       100%        9
 Shatter                  Erth           2%         3d6*      100%        9


Dungeon Overview and Level Annotations

Branches:
Dungeon (2/15)

Altars:
Okawaru

Shops:
D:1 *

Annotations:
D:2 Ijyb


Message History

Confirm with . or Enter, or press ? or * to list all spells.
You conjure some foxfire!
Ijyb hits you with a +0 mace.
The foxfire hits Ijyb but does no damage.
Ijyb is moderately wounded.
The foxfire hits Ijyb but does no damage.
Ijyb is moderately wounded.
Ijyb hits you with a +0 mace!
Casting: Foxfire (safe; 3% risk of failure)
Confirm with . or Enter, or press ? or * to list all spells.
Flames lash Ijyb.
Ijyb is heavily wounded.
Ijyb's fire resistance burns away.
Ijyb closely misses you.
A kobold comes into view. It is wielding a +0 short sword.
Ijyb zaps a wand.
The puff of flame hits you!
* * * LOW HITPOINT WARNING * * *
Press: ? - help, v - describe, . - travel The floor.
Unknown command.
Unknown command.
Unknown command.
Casting: Scorch (safe; 3% risk of failure)
Confirm with . or Enter, or press ? or * to list all spells.
Aiming: Sandblast (safe; 12% risk of failure)
Press: ? - help, Shift-Dir - straight line, f - Ijyb
Aim: Ijyb, wielding a +0 mace, wearing a +0 leather armour and carrying a wand of flame (7) (heavily wounded, more vulnerable to fire, 72% to hit)
The blast of sand hits Ijyb.
Ijyb is severely wounded.
d - 36 stones Ijyb zaps a wand.
The puff of flame misses you.
Casting: Sandblast (safe; 12% risk of failure)
Confirm with . or Enter, or press ? or * to list all spells.
Aiming: Sandblast (safe; 12% risk of failure)
Press: ? - help, Shift-Dir - straight line, f/p - Ijyb
Aim: Ijyb, wielding a +0 mace, wearing a +0 leather armour and carrying a wand of flame (6) (severely wounded, more vulnerable to fire, 72% to hit)
The blast of sand hits Ijyb.
Ijyb is severely wounded.
d - 35 stones Ijyb is no longer more vulnerable to fire.
Ijyb hits you with a +0 mace!
You die...

................................≈
P.......##................##..###
≈P......##........#......####)###
≈♣≈.....##...............####....
≈≈≈.....##...............+.......
≈≈♣≈....##...............#####...
≈P ♣P.###........##########......
P♣≈ P.. .........## #.##..# P
....###@.# #.###.# ≈ ...
#.K.g8.8.8. #...#.# ≈
.....#.....)... #...#.. ≈ ....
#.....)... #...... ≈
.....#.....)... #...... ≈ .#
.........).. #...... ≈≈
♣P≈+##+####.........) #...... ≈≈
≈♣......##....8.8.8. #......
≈≈≈≈≈≈......###..##########....#.


You could see Ijyb and a kobold.

Vanquished Creatures
  An adder (D:2)
  2 worms (D:2)
  3 dart slugs
  5 ball pythons
  2 endoplasms (D:1)
  A giant cockroach (D:1)
  7 goblins (D:2)
  3 hobgoblins
  4 kobolds
  A quokka (D:1)
  6 bats
  4 frilled lizards (D:2)
  2 rats
41 creatures vanquished.

Vanquished Creatures (collateral kills)
  5 foxfires (D:2)
5 creatures vanquished.

Vanquished Creatures (others)
  245 foxfires
  11 plants (D:2)
256 creatures vanquished.

Grand Total: 302 creatures vanquished

Notes
Turn   | Place    | Note
-------+----------+-------------------------------------------
     0 | D:1      | bnorton916 the Deep Elf Fire Elementalist began the quest
                  | for the Orb.
     0 | D:1      | Reached XP level 1. HP: 10/10 MP: 6/6
   514 | D:1      | Reached XP level 2. HP: 15/15 MP: 6/8
   928 | D:1      | Found Nessajag's Assorted Antiques.
  1039 | D:1      | Learned a level 2 spell: Scorch
  1041 | D:1      | Learned a level 1 spell: Sandblast
  1695 | D:2      | Reached XP level 3. HP: 19/19 MP: 5/10
  2024 | D:2      | Found an iron altar of Okawaru.
  2813 | D:2      | Noticed Ijyb
  2825 | D:2      | Mangled by Ijyb

Illustrated notes

Levels and vault maps discovered:
D:1:      heliophobic_arrival_glass_houses, layout_loops_ring, serial_shops,
          nicolae_shop_advertising_works [nicolae_subvault_shop_adworks],
          minmay_misc_feat_rugged
D:2:      kennysheep_the_goblin_king, layout_basic, basic_altar, serial_bayou,
          serial_bayou_pond_c, serial_bayou_lake_a, serial_bayou_crossing,
          serial_bayou_ford_a

Skill      XL: |  1  2  3 |
---------------+----------+-----
Conjurations   | 2 |  2.5
Fire Magic     | 4 |  4.1
Spellcasting   | 4 |  4.1
Dodging        | |  2.4
Stealth        | |  2.4

Action                   || total
-------------------------++-------
 Cast: Foxfire           ||   151
       Sandblast         ||     4
       Scorch            ||     1
Armor: Robe              ||     8
Dodge: Dodged            ||    12
